 Dungeon Crawl Stone Soup version 0.25.1-8-g42b30a86e7 (webtiles) character file.

Game seed: 16529393348390274653

13044 jbtxwes the Carver (level 11, -17/108 HPs)
             Began as a Minotaur Fighter on Dec 7, 2020.
             Was an Elder of Makhleb.
             Demolished by an orc knight
             ... wielding a cursed -2 battleaxe
              (24 damage)
             ... on level 1 of the Orcish Mines.
             The game lasted 00:52:37 (12732 turns).

jbtxwes the Carver (Minotaur Fighter)              Turns: 12732, Time: 00:52:38

Health: -17/108    AC: 29    Str: 29 (30) XL:     11   Next: 70%
Magic:  0/10       EV:  6    Int:  3 (5)  God:    Makhleb [****..]
Gold:   473        SH: 10    Dex:  9 (10) Spells: 10/10 levels left

rFire    . . .     SeeInvis .   t - +3 long sword (protect)
rCold    + . .     Gourm    .   c - +0 kite shield
rNeg     . . .     Faith    .   I - +2 plate armour
rPois    .         Spirit   +   (helmet restricted)
rElec    .         Reflect  .   L - +0 cloak
rCorr    +         Harm     .   m - +1 pair of gloves
MR       .....                  p - +1 pair of boots
Stlth    ..........             i - amulet of guardian spirit
HPRegen  0.28/turn              z - ring of resist corrosion
MPRegen  0.12/turn              r - +6 ring of strength

@: protection aura, lightly drained
A: retaliatory headbutt, horns 2, cold resistance 1, deterioration 1, MP-powered
wands
a: Minor Destruction, Lesser Servant of Makhleb, Major Destruction, Renounce
Religion


You were on level 1 of the Orcish Mines.
You worshipped Makhleb.
Makhleb was greatly pleased with you.
You were not hungry.

You visited 3 branches of the dungeon, and saw 13 of its levels.

You collected 713 gold pieces.
You spent 240 gold pieces at shops.

Inventory:

Hand Weapons
 a - a +1 long sword
 d - a +0 trident of pain
 h - a +3 vorpal spear
 t - a +3 long sword of protection (weapon)
 y - a +3 flail of holy wrath
 M - a +4 flail of freezing
Armour
 b - a +0 scale mail
 c - a +0 kite shield (worn)
 m - a +1 pair of gloves (worn)
 p - a +1 pair of boots (worn)
 I - a +2 plate armour (worn)
 L - a +0 cloak (worn)
Magical Staves
 l - an uncursed staff of earth {unknown}
 C - an uncursed staff of summoning
Jewellery
 i - an amulet of guardian spirit (around neck)
 r - a +6 ring of strength (right hand)
 z - a ring of resist corrosion (left hand)
Wands
 j - a wand of enslavement (6)
 s - a wand of flame (35)
 v - a wand of iceblast (14)
 x - a wand of digging (6)
 A - a wand of disintegration (5)
 N - a wand of polymorph (4)
Scrolls
 q - 9 scrolls of remove curse
 u - 2 scrolls of blinking
 w - 4 scrolls of teleportation
 D - 2 scrolls of enchant weapon
 F - 2 scrolls of enchant armour
 J - 2 scrolls of magic mapping
 K - a scroll of fog
Potions
 e - a potion of resistance
 g - 3 potions of magic
 k - 3 potions of degeneration
 n - 5 potions of curing
 B - a potion of stabbing
 E - a potion of heal wounds
 H - a potion of invisibility
Comestibles
 f - 21 rations


   Skills:
 - Level 13.7(13.6) Fighting
 - Level 14.4(14.3) Long Blades
 * Level 10.2(10.1) Armour
 - Level 0.2(0.1) Stealth
 - Level 4.6(4.5) Shields


You had 10 spell levels left.
You didn't know any spells.
Your spell library contained the following spells:

 Spells                   Type           Power        Failure   Level  Hunger
 Animate Skeleton         Necr           N/A          100%        1    ##.....
 Apportation              Tloc           #.....       100%        1    ##.....
 Corona                   Hex            #......      100%        1    ##.....
 Summon Small Mammal      Summ           #...         100%        1    ##.....
 Bolt of Magma            Conj/Fire/Erth #.........   100%        5    ######.
 Iskenderun's Battlesphe  Conj/Chrm      #.......     100%        5    ######.
 Iron Shot                Conj/Erth      #.........   100%        6    #######
 Orb of Destruction       Conj           #.........   100%        7    #######
 Spellforged Servitor     Conj/Summ      #.........   100%        7    #######


Dungeon Overview and Level Annotations

Branches:
Dungeon (11/15)            Temple (1/1) D:6            Lair (0/6) D:11
    Orc (1/2) D:9

Altars:
Ashenzari
Cheibriados
Dithmenos
Elyvilon
Fedhas
Gozag
Hepliaklqana
Kikubaaqudgha
Makhleb
Nemelex Xobeh
Okawaru
Qazlal
Ru
Sif Muna
Trog
Uskayaw
Vehumet
Wu Jian
Xom
Yredelemnul
Zin
The Shining One

Shops:
D:7 *   D:10 !


Innate Abilities, Weirdness & Mutations

You reflexively headbutt those who attack you in melee.
You have a pair of horns on your head.
Your flesh is cold resistant. (rC+)
Your body sometimes deteriorates upon taking damage.
You expend magic power (3 MP) to strengthen your wands.


Message History

You headbutt the orc warrior! Your hellwing hits the orc knight.
Your hellwing closely misses the orc knight.
The troll bites you. The troll barely misses you. x2
You hit the orc warrior.
The orc warrior is heavily wounded.
You block the orc knight's attack. x2
The orc knight hits your hellwing with a cursed -2 battleaxe!
The orc warrior hits you with a +0 scimitar!
* * * LOW HITPOINT WARNING * * *
The orc warrior hits you with a +0 long sword of protection!
* * * LOW HITPOINT WARNING * * *
Your hellwing barely misses the orc knight.
Your hellwing closely misses the orc knight.
The troll bites you but does no damage. The troll completely misses you.
The troll claws you but does no damage. You block the ogre's attack.
You block the warg's attack.
The orc knight hits you with a +0 broad axe!
* * * LOW HITPOINT WARNING * * *
The orc knight hits you with a cursed -2 battleaxe!!
You die...

...............
#..#..#........
...............
................
..............#
#....$..>.......#.
#....$..4h.o......
#........o@o..$...
.....#...OoT......
..........)).#....
..........[..##...
..$...$.).........
#.....[>[.........
.................#
..$...............
..................


You could see 2 orc knights, a troll, a warg, 2 orc warriors, an ogre and a
friendly hellwing (summoned).

Vanquished Creatures
  2 two-headed ogres (D:8)
  Pikel (D:4)
  An orc sorcerer (Orc:1)
  An ugly thing (D:11)
  A cyclops (D:11)
  A black mamba (shapeshifter) (D:10)
  3 trolls
  Prince Ribbit (D:8)
  3 hippogriffs
  4 yaks (D:9)
  A spriggan (D:8)
  4 hungry ghosts
  Edmund (D:5)
  2 black bears
  13 orc warriors
  5 sky beasts
  3 ice beasts
  4 phantoms
  An eye of draining (D:11)
  6 ogres (D:9)
  3 wolves (D:11)
  3 centaurs
  A crocodile (D:8)
  A big kobold (D:11)
  3 gnoll sergeants
  A wyvern zombie (D:8)
  8 bullfrogs
  5 scorpions
  A water moccasin skeleton (D:4)
  3 killer bees (D:7)
  3 electric eels (D:11)
  4 wights (D:9)
  A howler monkey (D:8)
  A centaur zombie (D:7)
  6 crimson imps
  2 quasits (D:6)
  2 jellies
  13 hounds
  10 orc wizards
  7 orc priests
  A bullfrog skeleton (D:8)
  Ijyb (D:5)
  4 worker ants
  2 iguanas
  2 hound skeletons
  2 hound zombies (D:5)
  2 worker ant zombies
  7 gnolls
  12 adders
  4 shadow imps
  2 oozes
  An adder skeleton (D:8)
  6 worms (D:2)
  3 dart slugs
  5 leopard geckos
  37 orcs
  3 ball pythons
  5 giant cockroaches
  10 goblins
  12 hobgoblins
  12 jackals
  17 kobolds
  4 quokkas
  5 bats
  4 frilled lizards
  A leopard gecko skeleton (D:8)
  A leopard gecko zombie (D:6)
  A quokka zombie (D:8)
  11 rats
313 creatures vanquished.

Vanquished Creatures (others)
  A slave (D:4)
  An ogre (D:4)
  An orc priest (Orc:1)
  A worm (D:4)
  An orc (D:4)
  A giant cockroach (D:4)
6 creatures vanquished.

Grand Total: 319 creatures vanquished

Notes
Turn   | Place    | Note
-------+----------+-------------------------------------------
     0 | D:1      | jbtxwes the Minotaur Fighter began the quest for the Orb.
     0 | D:1      | Reached XP level 1. HP: 19/19 MP: 0/0
   140 | D:1      | Reached XP level 2. HP: 27/27 MP: 1/1
   437 | D:1      | Reached XP level 3. HP: 33/33 MP: 2/2
   786 | D:2      | Reached skill level 3 in Long Blades
   849 | D:2      | Reached XP level 4. HP: 15/40 MP: 1/3
  1859 | D:3      | Reached skill level 4 in Long Blades
  2059 | D:3      | Found a hazy altar of Hepliaklqana.
  2097 | D:3      | Reached XP level 5. HP: 46/46 MP: 4/4
  2379 | D:4      | Noticed Pikel
  2379 | D:4      | Noticed a slave
  2379 | D:4      | Noticed a slave
  2379 | D:4      | Noticed a slave
  2389 | D:4      | Noticed a slave
  2390 | D:4      | Noticed an ogre
  2412 | D:4      | Killed Pikel
  2412 | D:4      | Reached skill level 8 in Long Blades
  2412 | D:4      | Reached XP level 6. HP: 23/52 MP: 1/5
  2412 | D:4      | Reached XP level 7. HP: 26/59 MP: 1/6
  2773 | D:4      | Reached skill level 9 in Long Blades
  3505 | D:5      | Entered Level 5 of the Dungeon
  3517 | D:5      | Found a white marble altar of Elyvilon.
  3644 | D:5      | Noticed Edmund
  3662 | D:5      | Killed Edmund
  3662 | D:5      | Reached skill level 10 in Long Blades
  3662 | D:5      | Reached XP level 8. HP: 50/66 MP: 5/7
  3943 | D:5      | Reached skill level 11 in Long Blades
  4068 | D:5      | Noticed Ijyb
  4082 | D:5      | Killed Ijyb
  4171 | D:5      | Found a glowing silver altar of Zin.
  4446 | D:6      | Found a shimmering altar of Xom.
  4450 | D:6      | Found a basalt altar of Yredelemnul.
  4671 | D:6      | Reached skill level 12 in Long Blades
  4778 | D:6      | Found a radiant altar of Vehumet.
  4895 | D:6      | Found a staircase to the Ecumenical Temple.
  4924 | Temple   | Entered the Ecumenical Temple
  5162 | Temple   | Became a worshipper of Makhleb the Destroyer
  5438 | D:6      | Reached skill level 13 in Long Blades
  5438 | D:6      | Reached XP level 9. HP: 61/71 MP: 5/8
  6299 | D:7      | Found Sast's Assorted Antiques.
  6426 | D:7      | Reached skill level 14 in Long Blades
  6491 | D:7      | Found a hide-covered altar of Uskayaw.
  6492 | D:7      | Noticed a +0 hand axe
  6493 | D:7      | Noticed a +0 dagger
  6575 | D:8      | Noticed Prince Ribbit
  6577 | D:8      | Reached * piety under Makhleb
  6591 | D:8      | Noticed a two-headed ogre
  6828 | D:9      | Reached skill level 5 in Fighting
  7179 | D:9      | Reached XP level 10. HP: 40/88 MP: 4/9
  7744 | D:8      | Paralysed by fainting for 9 turns
  8067 | D:8      | Paralysed by fainting for 10 turns
  8079 | D:8      | Reached skill level 10 in Fighting
  8278 | D:8      | Killed a two-headed ogre
  8589 | D:8      | Found a snail-covered altar of Cheibriados.
  8608 | D:8      | Noticed a two-headed ogre
  8616 | D:8      | Killed a two-headed ogre
  8616 | D:8      | Reached ** piety under Makhleb
  9077 | D:8      | Killed Prince Ribbit
  9220 | D:9      | Found a staircase to the Orcish Mines.
  9242 | D:9      | Reached XP level 11. HP: 107/107 MP: 8/10
  9680 | D:9      | Reached *** piety under Makhleb
  9855 | D:10     | Entered Level 10 of the Dungeon
  9871 | D:10     | Reached skill level 5 in Armour
 10222 | D:10     | Found Buxteg's Distillery.
 10226 | D:10     | Bought a potion of stabbing for 48 gold pieces
 10226 | D:10     | Bought a potion of heal wounds for 60 gold pieces
 10226 | D:10     | Bought a potion of curing for 36 gold pieces
 10226 | D:10     | Bought a potion of mutation for 96 gold pieces
 10232 | D:10     | Gained mutation: Your body sometimes deteriorates upon
                  | taking damage. [potion of mutation]
 10232 | D:10     | Gained mutation: Your flesh is cold resistant. (rC+)
                  | [potion of mutation]
 10232 | D:10     | Gained mutation: You expend magic power (3 MP) to
                  | strengthen your wands. [potion of mutation]
 10290 | D:10     | Noticed an orb spider
 10304 | D:10     | an orb spider changed into a basilisk
 10924 | D:11     | Found a staircase to the Lair.
 10952 | D:11     | Reached **** piety under Makhleb
 11277 | D:11     | Noticed a purple ugly thing
 11285 | D:11     | Killed a purple ugly thing
 11983 | Orc:1    | Entered Level 1 of the Orcish Mines
 11983 | Orc:1    | Noticed an orc knight
 11989 | Orc:1    | Noticed an orc sorcerer
 11993 | Orc:1    | Noticed an orc knight
 12007 | Orc:1    | Killed an orc sorcerer
 12007 | Orc:1    | Reached skill level 10 in Armour
 12732 | Orc:1    | Demolished by an orc knight

Illustrated notes

Levels and vault maps discovered:
D:1:      scummos_arrival_simple_crosswalls, layout_rooms, nrook_loot_triangle
D:2:      wander_river, layout_loops_ring
D:3:      layout_basic, overflow_temple_1_default, first_ration,
          kennysheep_big_empty_room
D:4:      layout_loops_ring, uniq_pikel
D:5:      layout_gridville, lemuel_coloured_pillars_altar, elyvilon_altar_5,
          uniq_edmund, uniq_ijyb
D:6:      layout_basic, lemuel_crystal_altar, vehumet_altar_wand_db,
          minmay_temple_entry_statues_fountains, basic_altar
D:7:      layout_rooms, dancing_weapons_uskayaw, serial_shops, shop
D:8:      layout_gridville, cheibriados_altar_1, the_bakery,
          minmay_tree_intersection, minmay_starry_boxes, uniq_prince_ribbit1
D:9:      layout_roguey, kennysheep_orc_monster_closet_entryway
D:10:     layout_big_octagon, serial_co_window_serial, co_window_paths_b,
          co_window_paths_a, co_window_corner_a, co_window_of_opportunity_a,
          co_window_paths_a, co_window_corner_cb, co_window_of_opportunity_b,
          co_window_broadway_a, co_window_broadway_a, glass_columns_a,
          glass_columns_b, glass_columns_b, serial_shops,
          nicolae_shop_behind_doors
D:11:     layout_loops_ring, erik_lair_island, grunt_ministairs_6
Temple:   nicolae_temple_elliptical
Orc:1:    layout_caves, ebering_ghost_disaster_area, serial_shops,
          nicolae_shop_window_shopping

Skill      XL: |  1  2  3  4  5  6  7  8  9 10 11 |
---------------+----------------------------------+-----
Shields        | 4 |  4.6
Armour         | 4 10 | 10.2
Fighting       | 4 8 13 | 13.7
Long Blades    | 3 4 8 10 13 14 | 14.4
Stealth        | |  0.2

Action                   |  1- 3 |  4- 6 |  7- 9 | 10-12 || total
-------------------------+-------+-------+-------+-------++-------
Melee: Long sword        |    96 |   105 |   373 |   505 ||  1079
       Headbutt          |     9 |    18 |    65 |    99 ||   191
Invok: Lesser Servant of |       |       |       |     1 ||     1
Evoke: Wand              |       |       |       |     7 ||     7
  Use: Scroll            |     5 |     4 |     5 |    15 ||    29
       Potion            |       |     3 |     1 |     8 ||    12
  Eat: Ration            |       |     1 |     2 |     5 ||     8
       Chunk             |       |     1 |    11 |    12 ||    24
Armor: Scale mail        |    31 |    32 |   141 |    17 ||   221
       Plate armour      |       |       |       |   295 ||   295
Dodge: Dodged            |    18 |    38 |    72 |    88 ||   216
Block: Kite shield       |    53 |    46 |   170 |   228 ||   497
       Rpst.: Long sword |     6 |    12 |    18 |    15 ||    51
